 Dungeon Crawl Stone Soup version 0.18-b1-22-ge198996 (webtiles) character file.

103 manyhoops the Chucker (level 4, -2/42 HPs)
             Began as a Troll Hunter on May 4, 2016.
             Slain by manyhoops's ghost (13 damage)
             ... on level 3 of the Dungeon.
             The game lasted 00:02:23 (1641 turns).

manyhoops the Chucker (Troll Hunter)                Turns: 1641, Time: 00:02:23

Health: -2/42      AC:  5    Str: 21    XL:     4   Next: 51%
Magic:  3/3        EV: 10    Int:  7    God:
Gold:   78         SH:  0    Dex: 10    Spells: 0 memorised, 3 levels left

rFire  . . .     SeeInvis .       - Unarmed
rCold  . . .     Gourm    +     b - +0 robe
rNeg   . . .     Faith    .     (no shield)
rPois  .         Spirit   .     (helmet restricted)
rElec  .         Dismiss  .     (no cloak)
rCorr  .         Reflect  .     (gloves unavailable)
SustAt .         Harm     .     (boots unavailable)
MR     .....                    (no amulet)
Stlth  +.........               (no ring)
                                (no ring)

@: not resistant to hostile enchantments, very unstealthy
A: unfitting armour, claws 3, fast metabolism 3, gourmand, regeneration 2,
shaggy fur 1, tough skin 2
a: no special abilities


You were on level 3 of the Dungeon.
You were not hungry.

You visited 1 branch of the dungeon, and saw 3 of its levels.

You collected 78 gold pieces.

Inventory:

Missiles
 c - 5 large rocks (quivered)
 d - 2 throwing nets
 o - 3 poisoned javelins
Armour
 b - a +0 robe (worn)
Scrolls
 g - 3 scrolls of remove curse {unknown}
 h - a scroll of enchant weapon {unknown}
 l - a scroll of identify {unknown}
 n - a scroll of fog {unknown}
 p - a scroll of noise {unknown}
Potions
 a - a potion of cure mutation {unknown}
 e - a potion of lignification {unknown}
 i - a potion of degeneration {unknown}
 j - 2 potions of heal wounds {unknown}
 k - a potion of brilliance {unknown}
 m - 2 potions of curing {unknown}
Comestibles
 f - 2 bread rations


   Skills:
 + Level 1.8 Fighting
 + Level 4.2 Throwing
 + Level 2.6 Dodging
 - Level 0.4 Stealth
 * Level 2.0 Unarmed Combat


You had 3 spell levels left.
You didn't know any spells.

Dungeon Overview and Level Annotations

Branches:
Dungeon (3/15)

Altars:
Elyvilon
Kikubaaqudgha
Makhleb
Pakellas
Sif Muna

Annotations:
D:3 manyhoops's ghost, amateur TrHu


Innate Abilities, Weirdness & Mutations

You are too large for most types of armour.
You have claws for hands.
Your metabolism is lightning-fast.
You like to eat raw meat.
You heal very quickly.
You are covered in fur (AC +1).
You have very tough skin (AC +2).


Message History

There are monsters nearby!
There are monsters nearby!
Manyhoops's ghost turns its malevolent gaze towards you.
You hear a shout!
You claw manyhoops's ghost!
Manyhoops's ghost is moderately damaged.
Manyhoops's ghost completely misses you.
A goblin comes into view. It is wielding a club.
You closely miss manyhoops's ghost.
Manyhoops's ghost is moderately damaged.
Manyhoops's ghost barely misses you.
You barely miss manyhoops's ghost.
Manyhoops's ghost is moderately damaged.
Manyhoops's ghost hits you!
You barely miss manyhoops's ghost.
Manyhoops's ghost is moderately damaged.
Manyhoops's ghost hits you!
* * * LOW HITPOINT WARNING * * *
Manyhoops's ghost hits you!
You die...

#########
.......##
#.......S #.#
###.###.####.#
.......@.....#
#######.W##.g#
#..>......
#.###..### #.#
.# #.# # #..
###


You could see manyhoops's ghost and a goblin.

Vanquished Creatures
  A gnoll (D:2)
  2 adders (D:2)
  2 oozes (D:1)
  A worm (D:2)
  2 dart slugs
  A giant gecko (D:1)
  9 bats
  2 giant cockroaches
  9 goblins
  6 hobgoblins
  4 jackals (D:1)
  7 kobolds
  3 giant newts (D:1)
  8 rats
57 creatures vanquished.

Notes
Turn   | Place    | Note
--------------------------------------------------------------
     0 | D:1      | manyhoops the Troll Hunter began the quest for the Orb.
     0 | D:1      | Reached XP level 1. HP: 19/19 MP: 0/0
   126 | D:1      | Reached XP level 2. HP: 25/27 MP: 1/1
   157 | D:1      | Reached skill level 4 in Throwing
   325 | D:1      | Reached XP level 3. HP: 22/33 MP: 2/2
   395 | D:1      | Reached skill level 1 in Unarmed Combat
   722 | D:2      | Reached XP level 4. HP: 42/42 MP: 3/3
  1078 | D:2      | Found an ancient bone altar of Kikubaaqudgha.
  1106 | D:2      | Found an oddly glowing altar of Pakellas.
  1109 | D:2      | Found a white marble altar of Elyvilon.
  1110 | D:2      | Found a burning altar of Makhleb.
  1110 | D:2      | Found a deep blue altar of Sif Muna.
  1635 | D:3      | Noticed manyhoops's ghost (amateur TrHu)
  1641 | D:3      | Slain by manyhoops's ghost

Skill      XL: |  1  2  3  4 |
---------------+-------------+-----
Throwing       | 4 |  4.2
Unarmed Combat | 1 2 |  2.0
Dodging        | 2 |  2.6
Fighting       | |  1.8
Stealth        | |  0.4

Action                   |  1- 3 |  4- 6 || total
-------------------------+-------+-------++-------
Melee: Unarmed           |   104 |    71 ||   175
  Eat: Chunk             |    12 |     3 ||    15
Armor: Robe              |    31 |    24 ||    55
Dodge: Dodged            |    49 |    34 ||    83
